Map: Ruins of Seras

Players

FireCake

  • Race: Zerg Zerg

Polt - Winner!

  • Race: Terran Terran

Event: 2016 WCS Winter Circuit Championship

VOD

Have the link to the VOD?

Description

Time

  • Played on: March 4, 2016, 11:28 a.m.
  • Length: 11:25

All games in this series

Show
View Real Time Build Order
Export as new Build Order

FireCake Zerg 

Build Orders: Pool First, Roach Nydus 

Get SALT Encoding   

  12  0:00  Drone  
  13  0:08  Drone  
  14  0:17  Overlord  
  14  0:22  Extractor  
  14  0:23  Drone  
  15  0:35  Drone x2  
  17  0:45  Spawning Pool  
  17  0:49  Drone  
  17  0:57  Drone  
  18  1:13  Hatchery  
  18  1:15  Extractor  
  18  1:18  Drone  
  17  1:20  Drone  
  18  1:28  Drone  
  19  1:33  Queen  
  21  1:40  Overlord  
  21  1:48  Drone  
  22  1:59  Drone  
  23  2:09  Queen  
  23  2:10  Zergling x2  
  26  2:22  Drone  
  27  2:25  Drone, Queen  
  30  2:33  Drone  
  30  2:36  Overlord  
  31  2:42  Drone  
  31  2:43  Drone x2  
  34  2:47  Lair  
  34  2:53  Drone  
  34  2:54  Drone  
  34  2:57  Overlord  
  36  2:58  Drone  
  37  3:09  Drone  
  38  3:13  Extractor x2  
  38  3:15  Roach Warren  
  38  3:18  Drone x4  
  39  3:24  Drone x2  
  39  3:25  Drone  
  42  3:31  Overlord  
  42  3:45  Nydus Network  
  42  3:47  Overseer  
  41  3:57  Roach x4  
  49  4:03  Roach  
  49  4:04  Roach  
  49  4:08  Roach  
  49  4:09  Overlord, Roach  
  57  4:12  Roach  
  59  4:23  Overlord  
  59  4:24  Overlord  
  59  4:30  Roach x3  
  65  4:34  Roach  
  67  4:41  Roach  
  67  4:42  Roach  
  71  4:47  Nydus Canal  
  71  4:50  Roach x2  
  75  4:57  Overlord  
  75  5:04  Drone  
  74  5:12  Overseer  
  74  5:14  Overlord  
  74  5:19  Overlord  
  76  5:21  Roach x2  
  78  5:31  Nydus Canal  
  78  5:34  Ravager x2  
  80  5:39  Roach  
  80  5:40  Roach x2  
  86  5:45  Roach  
  86  5:46  Roach  
  90  5:51  Overlord  
  90  6:05  Roach x5  
  100  6:14  Nydus Canal  
  100  6:15  Overlord x2  
  85  6:44  Roach x4  
  85  6:45  Roach x2  
  85  6:46  Queen x2  
  77  6:57  Roach x2  
  78  7:07  Roach  
  78  7:08  Roach  
  67  7:13  Roach  
  58  7:18  Roach  
  60  7:29  Tunneling Claws  
  60  7:42  Hatchery  
  57  7:44  Roach x3  
  57  7:45  Roach x2  
  67  8:02  Burrow  
  67  8:03  Roach x3  
  67  8:04  Roach x2  
  77  8:08  Roach  
  81  8:12  Roach  
  81  8:16  Roach  
  83  8:23  Roach  
  83  8:24  Roach  
  87  8:37  Roach  
  87  8:38  Roach x2  
  91  8:44  Roach  
  93  8:53  Roach x3  
  99  9:10  Roach x3  
  99  9:11  Roach  
  107  9:18  Roach x19  
  107  9:22  Roach x3  
  113  9:28  Overlord  
  105  9:33  Roach x2  
  99  9:42  Glial Reconstitution, Roach  
  95  9:48  Roach x5  
  95  9:51  Drone x4  
  94  9:59  Roach x7  
  84  10:10  Roach x11  
  72  10:37  Drone x6  
  72  10:41  Roach x3  
  84  10:52  Roach x3  
Show
View Real Time Build Order
Export as new Build Order

Polt Terran - Winner!

Build Orders: Reaper Expand, MMM Bio 

Get SALT Encoding   

  12  0:01  SCV  
  13  0:13  SCV  
  14  0:18  Supply Depot  
  14  0:25  SCV  
  15  0:39  SCV  
  15  0:41  Barracks  
  16  0:45  Refinery  
  16  0:51  SCV  
  17  1:03  SCV  
  18  1:16  SCV  
  19  1:28  Orbital Command, Reaper  
  20  1:42  Command Center  
  20  1:53  Supply Depot, SCV  
  21  2:00  Marine  
  22  2:06  SCV  
  23  2:10  Factory  
  23  2:18  SCV  
  23  2:19  Refinery  
  24  2:24  Barracks Reactor  
  24  2:31  SCV  
  25  2:44  SCV  
  26  2:53  Orbital Command  
  26  2:54  Starport  
  26  2:56  Factory Tech Lab, SCV  
  27  2:58  Bunker  
  27  3:02  Marine  
  27  3:03  Marine  
  29  3:08  SCV  
  30  3:20  Siege Tank, SCV x2  
  30  3:23  Marine  
  30  3:24  Marine  
  37  3:28  Supply Depot  
  37  3:32  SCV  
  37  3:33  SCV  
  39  3:41  Medivac  
  41  3:42  Marine x2  
  41  3:44  SCV  
  41  3:45  SCV  
  45  3:51  Supply Depot  
  45  3:56  SCV  
  45  3:57  SCV  
  45  4:02  Siege Tank  
  50  4:05  Supply Depot  
  50  4:07  Bunker  
  50  4:10  Liberator  
  50  4:13  Marine x2  
  50  4:14  Supply Depot  
  52  4:19  SCV x2  
  57  4:31  SCV x2  
  57  4:32  Supply Depot  
  57  4:36  Marine x2  
  60  4:46  SCV x2  
  60  4:47  Refinery  
  62  4:55  Marine x2  
  62  4:58  Siege Tank  
  67  5:01  SCV x2  
  69  5:10  Refinery  
  69  5:13  SCV x2  
  69  5:14  Command Center  
  71  5:25  Engineering Bay x2, SCV x2  
  71  5:28  Supply Depot  
  73  5:34  Starport Reactor  
  73  5:35  Marine  
  74  5:36  Stimpack  
  74  5:41  Factory Reactor, SCV x2  
  76  5:46  Barracks  
  76  5:48  Barracks  
  76  5:52  Marine  
  76  6:10  Medivac x2, Marine  
  81  6:11  Terran Infantry Armor Level 1, Terran Infantry Weapons Level 1  
  79  6:19  Widow Mine x2  
  79  6:20  Barracks  
  79  6:21  SCV x2, Barracks  
  85  6:29  Orbital Command  
  84  6:39  Marine x3  
  60  6:58  Marine x2  
  60  7:00  Marauder, SCV x2  
  60  7:01  SCV  
  60  7:20  SCV x2  
  60  7:21  SCV  
  62  7:34  SCV x2  
  62  7:35  SCV  
  65  7:45  Barracks Reactor  
  65  7:46  SCV  
  65  7:47  Combat Shields, SCV x2  
  65  7:48  Armory  
  65  7:50  Factory Tech Lab  
  65  7:51  Barracks Reactor  
  68  7:59  SCV x3  
  71  8:07  Marine x4  
  71  8:08  Marine  
  71  8:12  SCV x2  
  78  8:13  SCV  
  79  8:21  Medivac x2  
  79  8:24  SCV x2  
  79  8:25  SCV  
  86  8:28  Missile Turret  
  86  8:30  Supply Depot, Missile Turret  
  86  8:31  Supply Depot x2  
  84  8:40  Marine x9  
  92  8:44  Terran Infantry Weapons Level 2  
  92  8:48  Terran Infantry Armor Level 2  
  92  8:52  Siege Tank  
  95  9:12  Missile Turret, Marine x8  
  95  9:13  Marine  
  104  9:18  Factory, Terran Vehicle Weapons Level 1  
  104  9:25  Siege Tank  
  104  9:30  Medivac x2  
  109  9:33  Marine x2  
  109  9:34  Marine x7  
  117  9:51  Marine x4  
  117  9:52  Marine x5  
  125  10:02  Siege Tank  
  125  10:03  Factory Tech Lab  
  125  10:06  Medivac x2  
  124  10:17  Marine x9  
  133  10:35  SCV x2, Marine x9  
  142  10:41  Missile Turret  
  142  10:42  Orbital Command  
  144  10:45  Missile Turret  
  146  11:09  SCV x3  
Tags
 
Add a new tag
Caveats
  • Supply blocks, unpowered buildings, or Contaminate may cause inaccurate times.
  • Supply counts are checked every 10 seconds.